 Dungeon Crawl Stone Soup version 0.25-a0-287-g56a5b49892 (webtiles) character file.

Game seed: 4427450678401211128, levelgen mode: deterministic

86 Esekla the Conjurer (level 4, -1/24 HPs)
             Began as a Deep Elf Conjurer on Dec 12, 2019.
             Slain by a slave (5 damage)
             ... led by Pikel
             ... on level 3 of the Dungeon.
             The game lasted 00:14:23 (1382 turns).

Esekla the Conjurer (Deep Elf Conjurer)             Turns: 1382, Time: 00:14:23

Health: -1/24      AC:  2    Str:  6    XL:     4   Next: 27%
Magic:  9/12       EV: 13    Int: 20    God:
Gold:   142        SH:  0    Dex: 15    Spells: 8/11 levels left

rFire    . . .     SeeInvis .   j - +1 dagger (drain)
rCold    . . .     Gourm    .   (no shield)
rNeg     . . .     Faith    .   a - +0 robe
rPois    .         Spirit   .   (no helmet)
rElec    .         Reflect  .   (no cloak)
rCorr    .         Harm     .   (no gloves)
MR       .....                  (no boots)
Stlth    ++........             (no amulet)
HPRegen  0.08/turn              e - ring of flight
MPRegen  0.13/turn              (no ring)

@: no status effects
A: no striking features
a: Evoke Flight


You were on level 3 of the Dungeon.
You were hungry.

You visited 1 branch of the dungeon, and saw 4 of its levels.

You collected 142 gold pieces.

Inventory:

Hand Weapons
 j - a +1 dagger of draining (weapon)
Armour
 a - a +0 robe (worn)
Jewellery
 e - a ring of flight (left hand)
Wands
 k - a wand of iceblast (11)
Scrolls
 b - 2 scrolls of remove curse {unknown}
 d - a scroll of fear {unknown}
 f - a scroll of blinking {unknown}
 g - 3 scrolls of identify {unknown}
 h - a scroll of amnesia {unknown}
 l - a scroll of teleportation {unknown}
Potions
 i - 2 potions of degeneration {unknown}
Comestibles
 c - 5 rations


   Skills:
 + Level 0.7 Short Blades
 * Level 3.1 Dodging
 - Level 2.4 Stealth
 * Level 4.0 Spellcasting
 + Level 5.5 Conjurations


You had 8 spell levels left.
You knew the following spells:

 Your Spells              Type           Power        Failure   Level  Hunger
a - Magic Dart            Conj           ####         1%          1    None
e - Searing Ray           Conj           ####..       1%          2    #......

Your spell library contained the following spells:

 Spells                   Type           Power        Failure   Level  Hunger
 Dazzling Flash           Conj/Hex       ###...       12%         3    ###....
 Fulminant Prism          Conj/Hex       ###.......   38%         4    ####...
 Iskenderun's Mystic Bla  Conj/Tloc      ###.....     38%         4    ####...


Dungeon Overview and Level Annotations

Branches:
Dungeon (4/15)
 Temple: D:4-7

Altars:
Dithmenos
Elyvilon
Nemelex Xobeh
Vehumet

Annotations:
D:4 Pikel


Message History

There is a stone staircase leading down here.
The slave hits you.
* * * LOW HITPOINT WARNING * * *
Casting: Magic Dart (safe; 1% risk of failure)
Confirm with . or Enter, or press ? or * to list all spells.
Aiming: Searing Ray (safe; 1% risk of failure)
Press: ? - help, Shift-Dir - straight line, f - slave
Aim: a slave (severely wounded, lightly drained)
The searing ray hits the slave!
The slave is moderately wounded.
The searing ray hits the slave.
The slave is severely wounded. (Press . to maintain the ray.)
The slave barely misses you.
The searing ray hits the slave.
The slave is heavily wounded.
The searing ray hits the slave!
You kill the slave!
That felt strangely unrewarding.
The slave hits you.
You die...

......................
#.##.####.#.....###.###.#
#.##.# #.#.....#.....#.#
#.##.# #.####..#.....#.#
#. #.## #.# ##.).......#
# #..# #.# #.#..>..#.# #
##.# #.#####(#.p...#.# #
#.###.#...#.###.###.# #
#..#......#.@p......# #
##.#......########.## #
#.#......# #..# #
#.##'##### ##.## #.##.#
#..# #..#.# #.## ##.#.#
#..# #.#.#########.##
#.#...........#


You could see a slave.

Vanquished Creatures
  A slave (D:3)
  2 adders (D:2)
  An ooze (D:3)
  2 worms (D:2)
  A dart slug (D:3)
  A leopard gecko (D:3)
  A ball python (D:1)
  6 giant cockroaches
  8 goblins
  3 hobgoblins
  7 kobolds
  A quokka (D:3)
  9 bats
  7 frilled lizards
  9 rats
59 creatures vanquished.

Notes
Turn   | Place    | Note
-------+----------+-------------------------------------------
     0 | D:1      | Esekla the Deep Elf Conjurer began the quest for the Orb.
     0 | D:1      | Reached XP level 1. HP: 10/10 MP: 6/6
    95 | D:1      | Reached XP level 2. HP: 15/15 MP: 2/8
    99 | D:1      | Learned a level 2 spell: Searing Ray
   314 | D:1      | Reached skill level 5 in Conjurations
   467 | D:2      | Found a radiant altar of Vehumet.
   509 | D:2      | Reached XP level 3. HP: 19/19 MP: 5/9
   637 | D:2      | Found a shadowy altar of Dithmenos.
   930 | D:3      | Reached XP level 4. HP: 14/24 MP: 3/11
  1180 | D:3      | Found a sparkling altar of Nemelex Xobeh.
  1180 | D:3      | Found a white marble altar of Elyvilon.
  1372 | D:4      | Noticed Pikel
  1372 | D:4      | Noticed a slave
  1372 | D:4      | Noticed a slave
  1372 | D:4      | Noticed a slave
  1372 | D:4      | Noticed a slave
  1382 | D:3      | Killed a slave
  1382 | D:3      | Slain by a slave

Levels and vault maps discovered:
D:1:      minmay_arrival_semitransparent, layout_rooms
D:2:      minmay_razor_zed, layout_basic, vehumet_crystals, st_stairs_11,
          amethyst_killhole, grunt_dithmenos_smoke
D:3:      layout_basic, gammafunk_temple_overflow_wave, st_stairs_3
D:4:      layout_loops_ring, lemuel_zombie_altar_kikubaaqudgha, first_ration,
          nicolae_tso_besieged_by_evil, uniq_grinder, uniq_ijyb, uniq_robin,
          uniq_pikel

Skill      XL: |  1  2  3  4 |
---------------+-------------+-----
Conjurations   | 5 |  5.5
Dodging        | 3 |  3.1
Spellcasting   | 4 |  4.0
Short Blades   | |  0.7
Stealth        | |  2.4

Action                   |  1- 3 |  4- 6 || total
-------------------------+-------+-------++-------
Melee: Short sword       |    19 |       ||    19
       Dagger            |     3 |    21 ||    24
 Cast: Magic Dart        |    53 |     9 ||    62
       Searing Ray       |     5 |     2 ||     7
 Stab: Sleeping          |     2 |     2 ||     4
  Eat: Chunk             |       |     1 ||     1
Armor: Robe              |     5 |     5 ||    10
Dodge: Dodged            |    22 |    23 ||    45

Table legend:
 A = Non-vault XP
 B = Vault XP
 C = Vault XP percentage of total XP
 D = Non-vault monster count
 E = Vault monster count
 F = Vault count percentage of total count
                 A         B        C        D         E       F
            +---------+---------+-------+---------+---------+-------
      Total |      98 |      26 |  21.0 |      51 |       7 |  12.1
            +---------+---------+-------+---------+---------+-------
        D:1 |      34 |       0 |   0.0 |      23 |       0 |   0.0
        D:2 |      36 |      18 |  33.3 |      13 |       5 |  27.8
        D:3 |      28 |       8 |  22.2 |      15 |       2 |  11.8
            +---------+---------+-------+---------+---------+-------
